 Dungeon Crawl Stone Soup version 0.26-b1-32-g5d43845 (webtiles) character file.

Game seed: 9819598048363569154

10116 MercyWheel the Basher (level 11, -8/99 (103) HPs)
             Began as a Palentonga Fighter on Jan 8, 2021.
             Was a Believer of Wu Jian.
             Engulfed by a bog body's freezing vapour (42 damage)
             ... on level 2 of the Lair of Beasts.
             The game lasted 00:30:35 (8498 turns).

MercyWheel the Basher (Palentonga Fighter)          Turns: 8498, Time: 00:30:36

HP:   -8/99 (103)   AC: 14    Str: 19    XL:     11   Next: 31%
MP:   8/8           EV: 10    Int:  8    God:    Wu Jian [**....]
Gold: 551           SH: 12    Dex: 14    Spells: 10/10 levels left

rFire    + . .     SeeInvis +   f - +2 whip (elec)
rCold    . . .     Faith    .   u - +2 kite shield
rNeg     . . .     Spirit   .   w - +1 troll leather armour
rPois    .         Reflect  .   I - +1 helmet of the Fiend {Rampage Regen+}
rElec    .         Harm     .   g - scarf {+Inv}
rCorr    .         Rampage  +   t - +0 pair of gloves
Will     .....                  (no barding)
Stlth    +.........             (no amulet)
HPRegen  1.06/turn              s - +4 ring of protection
MPRegen  0.11/turn              M - ring of protection from fire

@: slowed, lightly drained, very slow
A: large, rugged brown scales 3, see invisible, deformed body, low mp 2, wild
magic 1, roll 2, armoured tail, reflexive curl
a: Rolling Charge, Renounce Religion, Evoke Invisibility, Wall Jump


You were on level 2 of the Lair of Beasts.
You worshipped Wu Jian.
Wu Jian was pleased with you.
You visited 3 branches of the dungeon, and saw 11 of its levels.

You collected 551 gold pieces.

Inventory:

Hand Weapons
 a - a +0 flail
 f - a +2 whip of electrocution (weapon)
Missiles
 e - 32 poisoned darts
 m - 126 sling bullets
Armour
 g - a scarf of invisibility (worn)
 h - a +0 cloak
 t - a +0 pair of gloves (worn)
 u - a +2 kite shield (worn)
 w - a +1 troll leather armour (worn)
 F - a +1 scale mail of cold resistance
 I - the +1 helmet of the Fiend (worn) {Rampage Regen+}
   (You found it on level 1 of the Lair of Beasts)

   It increases your rate of regeneration.
   It bestows one free step when moving towards enemies.
Jewellery
 l - an uncursed ring of see invisible
 q - an uncursed ring of poison resistance
 s - a +4 ring of protection (left hand)
 H - an uncursed ring of positive energy
 L - an uncursed ring of ice
 M - a ring of protection from fire (right hand)
Wands
 b - a wand of polymorph (7)
 p - a wand of iceblast (30)
 G - a wand of paralysis (8)
 J - a wand of flame (13)
 K - a wand of random effects (20)
Scrolls
 d - 2 scrolls of enchant armour
 i - 12 scrolls of identify
 j - 2 scrolls of amnesia
 k - 5 scrolls of remove curse
 r - 3 scrolls of teleportation
 v - 4 scrolls of enchant weapon
 y - 2 scrolls of fear
 D - 2 scrolls of magic mapping
 E - a scroll of summoning {unknown}
Potions
 c - a potion of cancellation
 n - 4 potions of haste {unknown}
 o - 4 potions of curing
 x - 2 potions of lignification
 A - a potion of magic {unknown}
 B - a potion of mutation
 C - a potion of resistance {unknown}


   Skills:
 + Level 9.2 Fighting
 - Level 12.2 Maces & Flails
 - Level 5.0 Armour
 - Level 4.2 Dodging
 - Level 5.0 Shields
 - Level 3.1 Evocations


You had 10 spell levels left.
You didn't know any spells.
Your spell library contained the following spells:

 Spells                   Type           Power        Failure   Level
 Animate Skeleton         Necr           0%           83%         1
 Apportation              Tloc           0%           83%         1
 Corona                   Hex            0%           83%         1
 Freeze                   Ice            0%           83%         1
 Summon Small Mammal      Summ           0%           83%         1
 Frozen Ramparts          Ice            0%           99%         3
 Lesser Beckoning         Tloc           0%           99%         3
 Ozocubu's Armour         Ice            0%           99%         3
 Tukima's Dance           Hex            0%           99%         3
 Hailstorm                Conj/Ice       0%           100%        4
 Summon Ice Beast         Ice/Summ       0%           100%        4
 Alistair's Intoxication  Tmut/Pois      0%           100%        5
 Invisibility             Hex            0%           100%        6


Dungeon Overview and Level Annotations

Branches:
Dungeon (8/15)             Temple (1/1) D:6            Lair (2/6) D:8
  Snake (0/4) Lair:2
  Swamp: Lair:2-4    Shoals: Lair:2-4

Altars:
Ashenzari
Cheibriados
Dithmenos
Elyvilon
Fedhas
Gozag
Hepliaklqana
Kikubaaqudgha
Makhleb
Nemelex Xobeh
Okawaru
Qazlal
Ru
Sif Muna
Trog
Uskayaw
Vehumet
Wu Jian
Xom
Yredelemnul
Zin
The Shining One

Annotations:
D:1 exclusion: 2 downstairs
D:3 1 runed translucent door, Crazy Yiuf


Innate Abilities, Weirdness & Mutations

You are completely covered in rugged brown scales. (AC +3, +7% HP)
You have supernaturally acute eyesight. (SInv)
Armour fits poorly on your strangely shaped body.
You can roll at foes to attack.
You have a long armoured tail.
You curl defensively after being hit.
Your magical capacity is very low. (-20% MP)
Your spells are a little harder to cast, but a little more powerful.


Message History

The bog body barely misses you. You block the bog body's attack.
There is a fountain of clear blue water here.
Unknown command.
Unknown command.
Unknown command.
You hit the bog body. You tail-slap the bog body!
The bog body is moderately damaged.
The bog body casts a spell at you. The bolt of cold hits you!
* * * LOW HITPOINT WARNING * * *
Unknown command.
You feel much better.
You are engulfed in freezing vapours.
The bog body closely misses you.
You feel much better. The bog body touches you! The bog body freezes you!!
* * * LOW HITPOINT WARNING * * *
The bog body points at you and mumbles some strange words.
The bolt of cold misses you.
Unknown command.
You feel much better.
You are engulfed in freezing vapours.
You die...

...........##
#...........## .#
#..^........## .##
#..........##..
#........#.##
###......P..## #
##.#.†....P# ##
##.##.....## .#####
####.n@°..# .....###
#..♣..♣.#
.......######..♣..♣
.
.......^#P.#..♣♣..♣
#...........#.♣≈.♣≈
##........###.♣≈..≈♣
##.#......# #.♣≈..≈♣
#.#.......###.♣≈..≈♣
P..........##♣♣


You could see a bog body.

Vanquished Creatures
  A boulder beetle (Lair:1)
  Pikel (D:4)
  3 black mambas
  2 cane toads (Lair:1)
  A komodo dragon (Lair:2)
  A polar bear (Lair:2)
  Grinder (D:3)
  8 blink frogs
  Sigmund (D:5)
  7 yaks
  A basilisk (Lair:1)
  2 swamp worms (Lair:2)
  A naga (Lair:2)
  Menkaure (D:6)
  4 water moccasins
  An orc warrior (D:8)
  2 sky beasts (D:6)
  4 ice beasts
  6 ogres
  4 centaurs
  A big kobold (D:8)
  5 bullfrogs
  2 scorpions (D:8)
  2 howler monkeys (D:7)
  3 bullfrog zombies
  3 orc priests
  5 orc wizards
  3 bullfrog skeletons
  A hound (D:7)
  A centaur skeleton (D:6)
  Terence (D:3)
  5 hell rats (Lair:2)
  6 iguanas
  Natasha (twice) (D:2)
  6 worker ants
  A hound skeleton (D:3)
  A howler monkey skeleton (D:6)
  7 adders
  A shadow imp (D:5)
  A white imp (D:7)
  An adder skeleton (D:7)
  2 worms
  2 dart slugs
  3 leopard geckos
  14 orcs
  7 bats
  9 giant cockroaches
  6 goblins
  A hobgoblin (D:2)
  3 jackals (D:5)
  13 kobolds
  2 quokkas
  3 ball pythons
  2 frilled lizards
  A leopard gecko skeleton (D:4)
  A quokka zombie (D:8)
  8 rats
187 creatures vanquished.

Vanquished Creatures (others)
  An orc wizard (D:8)
  5 fungi (Lair:2)
  10 plants (Lair:2)
16 creatures vanquished.

Grand Total: 203 creatures vanquished

Notes
Turn   | Place    | Note
-------+----------+-------------------------------------------
     0 | D:1      | MercyWheel the Palentonga Fighter began the quest for the
                  | Orb.
     0 | D:1      | Reached XP level 1. HP: 20/20 MP: 1/1
   297 | D:1      | Reached XP level 2. HP: 27/27 MP: 2/2
   405 | D:1      | Reached skill level 3 in Maces & Flails
   803 | D:2      | Noticed Natasha
   807 | D:2      | Killed Natasha
   808 | D:2      | Reached XP level 3. HP: 16/33 MP: 3/3
   992 | D:2      | Noticed Natasha
  1102 | D:2      | Reached skill level 4 in Maces & Flails
  2037 | D:2      | Reached XP level 4. HP: 40/40 MP: 4/4
  2092 | D:2      | Gained mutation: You are somewhat resistant to further
                  | mutation. [potion of mutation]
  2092 | D:2      | Gained mutation: You are clumsy. (Dex -2) [potion of
                  | mutation]
  2092 | D:2      | Gained mutation: You have a pair of small horns on your
                  | head. [potion of mutation]
  2095 | D:2      | Killed Natasha
  2432 | D:3      | Reached skill level 5 in Maces & Flails
  2724 | D:3      | Found a runed translucent door.
  2725 | D:3      | Noticed Crazy Yiuf
  2741 | D:3      | Noticed Terence
  2746 | D:3      | Killed Terence
  2747 | D:3      | Reached XP level 5. HP: 48/48 MP: 5/5
  2887 | D:3      | Noticed Grinder
  2895 | D:3      | Killed Grinder
  2896 | D:3      | Reached skill level 6 in Maces & Flails
  2896 | D:3      | Reached XP level 6. HP: 42/54 MP: 6/6
  3212 | D:3      | Reached skill level 7 in Maces & Flails
  3258 | D:3      | Found a sparkling altar of Nemelex Xobeh.
  3258 | D:3      | Found a sacrificial altar of Ru.
  3258 | D:3      | Found a shadowy altar of Dithmenos.
  3466 | D:4      | Noticed Pikel
  3559 | D:4      | HP: 2/54 [Pikel/+1 whip of electrocution (5)]
  3560 | D:4      | Killed Pikel
  3561 | D:4      | Gained mutation: You curl defensively after being hit.
                  | [Palentonga growth]
  3561 | D:4      | Reached XP level 7. HP: 3/67 MP: 7/7
  4017 | D:4      | Reached XP level 8. HP: 72/75 MP: 8/8
  4212 | D:5      | Entered Level 5 of the Dungeon
  4313 | D:5      | Reached skill level 8 in Maces & Flails
  4381 | D:5      | Found a shadowy altar of Dithmenos.
  4515 | D:5      | Noticed Sigmund
  4523 | D:5      | Killed Sigmund
  4524 | D:5      | Reached skill level 9 in Maces & Flails
  4722 | D:5      | Found a stormy altar of Qazlal.
  5063 | D:6      | Found a sacrificial altar of Ru.
  5114 | D:6      | Reached skill level 10 in Maces & Flails
  5136 | D:6      | Noticed Menkaure
  5137 | D:6      | Killed Menkaure
  5138 | D:6      | Reached XP level 9. HP: 74/84 MP: 9/9
  5157 | D:6      | Reached skill level 1 in Evocations
  5252 | D:6      | Found a staircase to the Ecumenical Temple.
  5277 | Temple   | Entered the Ecumenical Temple
  5504 | Temple   | Became a worshipper of the Wu Jian Council
  5856 | D:7      | Found a sacrificial altar of Ru.
  6027 | D:7      | Lost mutation: You are clumsy. (Dex -2) [potion of
                  | mutation]
  6027 | D:7      | Lost mutation: You are somewhat resistant to further
                  | mutation. [potion of mutation]
  6027 | D:7      | Lost mutation: You have a pair of small horns on your head.
                  | [potion of mutation]
  6027 | D:7      | Gained mutation: Your magical capacity is low. (-10% MP)
                  | [potion of mutation]
  6027 | D:7      | Gained mutation: Your magical capacity is very low. (-20%
                  | MP) [potion of mutation]
  6027 | D:7      | Gained mutation: Your spells are a little harder to cast,
                  | but a little more powerful. [potion of mutation]
  6027 | D:7      | Gained mutation: You can roll at foes to attack. [potion of
                  | mutation]
  6158 | D:7      | Reached * piety under Wu Jian
  6201 | D:8      | Reached skill level 5 in Shields
  6260 | D:8      | Reached skill level 1 in Dodging
  6336 | D:8      | Found a staircase to the Lair.
  6801 | Lair:1   | Entered Level 1 of the Lair of Beasts
  6805 | Lair:1   | Reached XP level 10. HP: 92/92 MP: 8/8
  7064 | Lair:1   | Noticed a cane toad
  7080 | Lair:1   | Killed a cane toad
  7164 | Lair:1   | Noticed a cane toad
  7170 | Lair:1   | Reached skill level 5 in Armour
  7176 | Lair:1   | Killed a cane toad
  7200 | Lair:1   | Noticed a black mamba
  7208 | Lair:1   | Killed a black mamba
  7209 | Lair:1   | Reached skill level 11 in Maces & Flails
  7242 | Lair:1   | Reached ** piety under Wu Jian
  7288 | Lair:1   | Noticed a boulder beetle
  7320 | Lair:1   | Killed a boulder beetle
  7321 | Lair:1   | Reached skill level 12 in Maces & Flails
  7321 | Lair:1   | Reached XP level 11. HP: 52/98 MP: 8/8
  7507 | Lair:1   | Got a masterwork helmet
  7513 | Lair:1   | Identified the +1 helmet of the Fiend {Rampage Regen+} (You
                  | found it on level 1 of the Lair of Beasts)
  8200 | Lair:2   | Found a staircase to the Snake Pit.
  8479 | Lair:2   | Noticed a bog body
  8495 | Lair:2   | HP: 4/99 [bog body/bolt of cold (16)]
  8498 | Lair:2   | Engulfed by a bog body's freezing vapour

Illustrated notes

Levels and vault maps discovered:
D:1:      lightli_arrival_chessboard, layout_basic, minivault_14,
          due_unseen_surprise
D:2:      layout_loops_ring, uniq_natasha
D:3:      minmay_evil_eye, layout_basic, gammafunk_temple_overflow_claw,
          minivault_19, uniq_grinder, uniq_crazy_yiuf_cottage, uniq_terence
D:4:      layout_basic, uniq_pikel
D:5:      layout_cave_pools, nicolae_overflow_crystal_walls, basic_altar,
          uniq_sigmund
D:6:      layout_rooms, minmay_temple_entry_nine_rooms, hex_tiny,
          nicolae_ru_awakened_eye, uniq_menkaure
D:7:      layout_gridville, basic_altar
D:8:      layout_basic, lair_entry_dummy
Temple:   eino_narrow_crystal_temple
Lair:1:   layout_loops_ring, wad_woods_road_03, bh_autumn_forest_stairs,
          hangedman_lair_generics_rect
Lair:2:   layout_cave_pods, nicolae_swamp_entry_splash_gauntlet,
          guppyfry_snake_entry_garden, minivault_26

Skill      XL: |  1  2  3  4  5  6  7  8  9 10 11 |
---------------+----------------------------------+-----
Maces & Flails | 3 4 5 6 7 10 12 | 12.2
Fighting       | 6 7 9 |  9.2
Evocations     | 3 |  3.1
Shields        | 5 |  5.0
Dodging        | 4 |  4.2
Armour         | 5 |  5.0

Action                   |  1- 3 |  4- 6 |  7- 9 | 10-12 || total
-------------------------+-------+-------+-------+-------++-------
Melee: Flail             |    92 |    83 |       |       ||   175
       Tailslap          |     4 |     5 |    43 |    42 ||    94
       Headbutt          |       |    14 |    32 |       ||    46
       Whip              |       |       |   302 |   248 ||   550
Invok: Whirlwind         |       |       |     8 |     3 ||    11
       Lunge             |       |       |     2 |     2 ||     4
 Abil: Rolling Charge    |    11 |    15 |    40 |    24 ||    90
       Wall Jump         |       |       |       |     3 ||     3
  Use: Potion            |     2 |     8 |     1 |     3 ||    14
       Scroll            |       |       |    14 |       ||    14
 Stab: Sleeping          |       |       |     1 |       ||     1
Armor: Scale mail        |    36 |    24 |       |       ||    60
       Skin              |       |     1 |       |       ||     1
       Troll leather arm |       |       |    72 |    39 ||   111
Dodge: Dodged            |    26 |    12 |    47 |    50 ||   135
Block: Kite shield       |    48 |    28 |   105 |    94 ||   275
